 Dungeon Crawl Stone Soup version 0.18-a0-1035-g72c9994 (webtiles) character file.

35 4thArraOfDagon the Scratcher (level 3, 0/17 HPs)
             Began as a Felid Fighter on Jan 9, 2016.
             Was an Initiate of Makhleb.
             Succumbed to poison (a potion of poison)
             ... on level 5 of the Dungeon.
             The game lasted 00:02:36 (676 turns).

4thArraOfDagon the Scratcher (Felid Fighter)         Turns: 676, Time: 00:02:36

Health: 0/17       AC:  1    Str: 12    XL:     3   Next: 17%
Magic:  4/4        EV: 19    Int: 13    God:    Makhleb [......]
Gold:   64         SH:  0    Dex: 15    Spells: 0 memorised, 2 levels left
                                        Lives:  0   Deaths: 0

rFire  . . .     SeeInvis +       - Unarmed
rCold  . . .     Gourm    .     (armour unavailable)
rNeg   + . .     Faith    .     (shield unavailable)
rPois  .         Spirit   .     (helmet unavailable)
rElec  .         Dismiss  .     (cloak unavailable)
rCorr  .         Reflect  .     (gloves unavailable)
SustAt .         Harm     .     (boots unavailable)
MR     .....                    (no amulet)
Stlth  ++........               e - ring of positive energy
                                d - +3 ring of intelligence

@: lethally poisoned (0 -> -19), very slightly contaminated, invisible, quick,
not resistant to hostile enchantments, unstealthy
A: no armour, no weapons or thrown items, claws 1, fangs 3, see invisible,
carnivore 3, speed 1, shaggy fur 1, slow metabolism 1, sharp paws
a: Renounce Religion


You were on level 5 of the Dungeon.
You worshipped Makhleb.
Makhleb was noncommittal.
You were full.

You visited 2 branches of the dungeon, and saw 7 of its levels.

You collected 64 gold pieces.

Inventory:

Jewellery
 d - a +3 ring of intelligence (left paw)
 e - a ring of positive energy (right paw)
Potions
 a - a potion of might
Comestibles
 b - 2 meat rations


   Skills:
 + Level 3.3 Fighting
 + Level 4.3 Dodging
 + Level 1.3 Stealth
 * Level 4.4 Unarmed Combat


You had 2 spell levels left.
You didn't know any spells.

Dungeon Overview and Level Annotations

Branches:
Dungeon (6/15)             Temple (1/1) D:6

Altars:
Dithmenos
Fedhas
Gozag
Makhleb
Nemelex Xobeh
Okawaru
Pakellas
Qazlal
Ru
Sif Muna
Trog
Xom
Zin
The Shining One


Innate Abilities, Weirdness & Mutations

You cannot wear armour.
You are incapable of wielding weapons or throwing items.
You have sharp claws.
You have razor-sharp teeth.
You have supernaturally acute eyesight.
You are carnivorous and can eat meat at any time.
You cover ground quickly.
You are covered in fur (AC +1).
You have a slow metabolism.
Your sharp claws are effective at attacking unaware monsters.


Message History

Found an arrow and a pitted plate armour.
You see here an arrow.
Unknown command.
Unknown command.
Unknown command.
The centaur unwields an uncursed shortbow.
The centaur hits you.
* * * LOW HITPOINT WARNING * * *
You see here a pitted plate armour.
Unknown command.
Drink which item? (? for menu, Esc to quit)
You fade into invisibility!
The centaur completely misses you. The centaur misses you.
You are very lightly contaminated with residual magic.
Unknown command.
Drink which item? (? for menu, Esc to quit)
It was a potion of poison.
That liquid tasted very nasty...
You are lethally poisoned!
You die...

###+#######
#.........#
#.........#
#.........#
#.........#
#..@......#
#...c.....#
#(........#
###########


You could see a centaur.

Vanquished Creatures
  An adder (D:3)
  2 giant geckos
  5 orcs (D:3)
  4 hobgoblins
  A quokka (D:4)
  2 bats (D:1)
  2 giant newts
  A kobold (D:1)
  2 rats
20 creatures vanquished.

Notes
Turn   | Place    | Note
--------------------------------------------------------------
     0 | D:1      | 4thArraOfDagon the Felid Fighter began the quest for the Orb.
     0 | D:1      | Reached XP level 1. HP: 10/10 MP: 2/2
   400 | D:3      | Reached XP level 2. HP: 14/14 MP: 3/3
   424 | D:3      | Reached skill level 1 in Stealth
   475 | D:3      | Reached XP level 3. HP: 7/17 MP: 4/4
   496 | D:4      | Found an oddly glowing altar of Pakellas.
   553 | D:4      | Found a bloodstained altar of Trog.
   573 | D:4      | You fall through a shaft for 2 floors!
   584 | D:6      | Found a staircase to the Ecumenical Temple.
   611 | Temple   | Entered the Ecumenical Temple
   642 | Temple   | Became a worshipper of Makhleb the Destroyer
   665 | D:5      | Entered Level 5 of the Dungeon
   672 | D:5      | Noticed a centaur
   676 | D:5      | Succumbed to poison (a potion of poison)

Vault maps used:
D:1:      lemuel_arrival_lava_pool, minivault_24,
          hangedman_decor_clover_reticule
D:2:      minitemple
D:4:      grunt_pakellas_mercury, nicolae_overflow_hidden_temple,
          grunt_gozag_breadcrumbs, uniq_edmund
D:5:      first_bread, basic_altar, uniq_prince_ribbit1
D:6:      minmay_temple_entry_hall, fedhas_altar_4, uniq_eustachio
Temple:   eino_temple_water_12

Action                   || total
-------------------------++-------
Melee: Unarmed           ||    47
  Use: Potion            ||     4
 Stab: Invisible         ||     2
       Sleeping          ||     3
  Eat: Chunk             ||     4
